 Dungeon Crawl Stone Soup version 0.24-a0-250-g6074511 (webtiles) character file.

Game seed: 8201317399777895832

80647 Borgoz the Swashbuckler (level 15, 0/147 HPs)
             Began as a Gargoyle Gladiator on Apr 15, 2019.
             Was a High Priest of Ashenzari.
             Slain by Jorgrun
             ... wielding a +0 quarterstaff of crushing
              (1 damage)
             ... on level 1 of the Orcish Mines.
             The game lasted 01:13:52 (20737 turns).

Borgoz the Swashbuckler (Gargoyle Gladiator)       Turns: 20737, Time: 01:13:53

Health: 0/147      AC: 26    Str: 31    XL:     15   Next: 67%
Magic:  0/22       EV: 19    Int: 10    God:    Ashenzari [*****.]
Gold:   2378       SH:  0    Dex: 18    Spells: 11/14 levels left

rFire    + . .     SeeInvis +   a - +2 rapier (drain) (curse)
rCold    . . .     Gourm    .   (no shield)
rNeg     + . .     Faith    .   w - +0 acid dragon scales
rPois    ∞         Spirit   +   N - +1 hat of Sunlight {rF+ Str+6}
rElec    +         Reflect  .   B - scarf {Spirit}
rCorr    +         Harm     .   (no gloves)
MR       +....     Clarity  +   e - +0 pair of boots "Ublu" {rCorr}
Stlth    ..........             p - amulet of rage (curse)
HPRegen  0.34/turn              J - +5 ring of slaying
MPRegen  0.18/turn              o - +5 ring of protection

@: berserking (expiring), marked, flying, very quick
A: antennae 1, big wings, fangs 1, agile 1, negative energy resistance 1,
electricity resistance, strong 1, unbreathing, petrification resistance, rot
immunity, AC +11
a: Stop Flying, Curse Item, Scrying, Transfer Knowledge, Renounce Religion,
Evoke Berserk Rage


You were on level 1 of the Orcish Mines.
You worshipped Ashenzari.
Ashenzari was extremely pleased with you.
You were near starving.

You visited 4 branches of the dungeon, and saw 20 of its levels.
You also visited: Gauntlet and Ice Cave.

You collected 2378 gold pieces.

Inventory:

Hand Weapons
 a - a cursed +2 rapier of draining (weapon)
 b - a +0 rapier of protection
Missiles
 Z - a throwing net (quivered)
Armour
 e - the +0 pair of boots "Ublu" (worn) {rCorr}
   (You found it in a Gauntlet)

   It provides partial protection from all sources of acid and corrosion.
 w - +0 acid dragon scales (worn)
 y - a +3 chain mail of magic resistance
 B - a scarf of spirit shield (worn)
 E - +0 ice dragon scales
 N - the +1 hat of Sunlight (worn) {rF+ Str+6}
   (You found it in a Gauntlet)

   It affects your strength (+6).
   It protects you from fire.
 T - +0 fire dragon scales
Jewellery
 l - an uncursed ring of ice
 n - an uncursed ring of protection from fire
 o - a +5 ring of protection (right hand)
 p - a cursed amulet of rage (around neck)
 s - an uncursed ring of fire
 t - an uncursed ring of ice
 A - an uncursed ring of protection from magic
 J - a +5 ring of slaying (left hand)
 Y - an uncursed ring of protection from magic
Wands
 G - a wand of clouds (12)
 Q - a wand of acid (2)
 R - a wand of scattershot (1)
 V - a wand of iceblast (18)
Scrolls
 d - a scroll of silence
 h - 8 scrolls of teleportation
 j - 2 scrolls of enchant weapon
 k - 3 scrolls of remove curse
 q - 9 scrolls of blinking
 x - a scroll of enchant armour
 C - 5 scrolls of fear
 I - a scroll of magic mapping
Potions
 i - 2 potions of haste
 r - 4 potions of agility
 u - 7 potions of curing
 F - a potion of resistance
 L - 3 potions of might
Comestibles
 f - 37 rations


   Skills:
 + Level 13.1 Fighting
 + Level 15.0(18.5) Short Blades
 - Level 1.7 Throwing
 + Level 7.5 Armour
 + Level 10.2 Dodging
 + Level 9.3 Stealth
 + Level 9.3 Evocations


You had 11 spell levels left.
You knew the following spells:

 Your Spells              Type           Power        Failure   Level  Hunger
a - Regeneration          Chrm/Necr      #.........   78%         3    ####...

Your spell library contained the following spells:

 Spells                   Type           Power        Failure   Level  Hunger
 Animate Skeleton         Necr           N/A          41%         1    ##.....
 Infusion                 Chrm           #...         41%         1    ##.....
 Magic Dart               Conj           #...         41%         1    ##.....
 Pain                     Necr           #...         41%         1    ##.....
 Summon Small Mammal      Summ           #...         41%         1    ##.....
 Blink                    Tloc           N/A          54%         2    ###....
 Call Imp                 Summ           #.......     54%         2    ###....
 Shroud of Golubria       Chrm/Tloc      #.........   54%         2    ###....
 Slow                     Hex            #.......     54%         2    ###....
 Song of Slaying          Chrm           #.......     54%         2    ###....
 Call Canine Familiar     Summ           #.......     78%         3    ####...
 Conjure Flame            Conj/Fire      #.......     78%         3    ####...
 Mephitic Cloud           Conj/Pois/Air  #.......     78%         3    ####...
 Spectral Weapon          Hex/Chrm       #.......     78%         3    ####...
 Summon Guardian Golem    Hex/Summ       #.......     78%         3    ####...
 Vampiric Draining        Necr           #.........   78%         3    ####...
 Animate Dead             Necr           N/A          99%         4    #####..
 Summon Ice Beast         Ice/Summ       #.......     99%         4    #####..
 Summon Lightning Spire   Summ/Air       #.......     99%         4    #####..
 Bolt of Magma            Conj/Fire/Erth #.........   100%        5    ######.
 Iskenderun's Battlesphe  Conj/Chrm      #.......     100%        5    ######.
 Venom Bolt               Conj/Pois      #.........   100%        5    ######.
 Iron Shot                Conj/Erth      #.........   100%        6    #######
 Haunt                    Necr/Summ      #.........   100%        7    #######
 Orb of Destruction       Conj           #.........   100%        7    #######
 Spellforged Servitor     Conj/Summ      #.........   100%        7    #######
 Borgnjor's Revivificati  Necr           #.........   100%        8    #######
 Death's Door             Chrm/Necr      #.........   100%        8    #######
 Infestation              Necr           #.........   100%        8    #######
 Necromutation            Tmut/Necr      #.........   100%        8    #######


Dungeon Overview and Level Annotations

Branches:
Dungeon (12/15)            Temple (1/1) D:7            Lair (6/6) D:8
  Swamp (0/4) Lair:2        Snake (0/4) Lair:3        Slime (0/5) Lair:6
    Orc (1/2) D:11

Altars:
Ashenzari
Cheibriados
Dithmenos
Elyvilon
Fedhas
Gozag
Hepliaklqana
Kikubaaqudgha
Makhleb
Nemelex Xobeh
Okawaru
Qazlal
Ru
Sif Muna
Trog
Uskayaw
Vehumet
Wu Jian
Xom
Yredelemnul
Zin
The Shining One
Jiyva

Annotations:
Lair:4 Pamm's ghost, journeyman NaWz
Orc:1 Jorgrun


Innate Abilities, Weirdness & Mutations

You are resistant to torment.
Your stone body is resilient. (AC +11)
You are immune to poison.
Your large and strong wings let you fly indefinitely.
You resist negative energy. (rN+)
You are resistant to electric shocks. (rElec)
You can survive without breathing.
You are immune to petrification.
You are immune to rotting.
You have a pair of small antennae on your head.
You have very sharp teeth.
You are agile. (Dex +2)
Your muscles are strong. (Str +2)


Message History

The orc wizard blinks!
You puncture the orc warlord!
You kill the orc warlord!
The orc wizard casts a spell at you.
The magic dart hits you but does no damage.
Jorgrun hits you with a +0 quarterstaff of crushing.
* * * LOW HITPOINT WARNING * * *
x2 The grasping roots constrict you.
You are too berserk!
You escape the roots' grasp.
The orc barely misses you. The orc wizard closely misses you.
Items here: )) [[ a +0 battleaxe; a +0 chain mail; a +0 scimitar; a +0 plate armour You impale the orc!!
You kill the orc!
The orc wizard casts a spell.
The orc wizard blinks!
Jorgrun hits you with a +0 quarterstaff of crushing!
* * * LOW HITPOINT WARNING * * *
You die...

* , ,, , , * *
*** ,** , * *,*
,, *, * , * , *
,,,** , * , ,* *,
, * * * , ***,.*
* , ,
....######### ,,
* ,, ,
#.o...o@h.oo#
>,*, * * , ,, ,
##..##oog##.o...#
,, * ,* *#..$...#
,{..##* ,,,, , ,
.....#.##* ..#*,
, , ,,.....####
{o.., , , *
,....#* * ..,, ,
* ...#* * ,., , ,
* , ..#* *, ,, ,
, * , * *, , , *


You could see Jorgrun, an orc knight, a warg, an orc warrior, an orc priest, 2
orc wizards and 2 orcs.

Vanquished Creatures
  Gastronok (D:11)
  An orc warlord (Orc:1)
  A minotaur (Gauntlet)
  The ghost of tilp the Thaumaturge, a journeyman GnSk of Kikubaaqudgha (Lair:6)
  Josephine (D:10)
  A death ooze (Lair:6)
  2 fire dragons (Lair:6)
  A yaktaur captain (D:11)
  2 ice dragons (IceCv)
  9 hydras
  5 two-headed ogres
  A death knight (D:12)
  An alligator (Lair:6)
  3 death yaks (Lair:6)
  4 sixfirhies (Gauntlet)
  A skeletal warrior (D:12)
  A swamp dragon (Lair:6)
  2 lindwurms (Lair:6)
  2 phantasmal warriors
  21 elephants
  3 black mambas
  Psyche (D:8)
  5 torpor snails (Lair:6)
  2 ice statues (IceCv)
  A smoke demon (Gauntlet)
  3 gargoyles
  6 rime drakes
  11 spiny frogs
  2 kobold demonologists (D:7)
  An efreet (D:11)
  12 komodo dragons
  A queen bee (Lair:1)
  A red devil (Gauntlet)
  2 polar bears
  4 trolls
  A merfolk (D:9)
  7 hornets (Lair:6)
  3 tyrant leeches (Lair:6)
  19 blink frogs
  2 slime creatures
  A bog body (Lair:2)
  9 hippogriffs
  3 shadows (Gauntlet)
  2 wyverns
  3 basilisks
  2 steam dragons (Lair:6)
  40 yaks
  6 wraiths
  4 hungry ghosts
  A warg (Orc:1)
  2 nagas (Lair:3)
  2 acid dragons
  6 water moccasins
  9 porcupines
  5 orc warriors
  3 swamp drakes (Lair:6)
  3 sky beasts
  16 ice beasts
  A black bear (D:6)
  3 phantoms
  3 necrophages
  13 ogres
  16 wolves
  3 centaurs
  20 crocodiles
  4 big kobolds
  10 bullfrogs
  5 gnoll sergeants (D:11)
  A wyvern skeleton (D:10)
  20 killer bees
  3 scorpions
  4 electric eels
  3 howler monkeys
  2 centaur zombies
  7 crimson imps
  2 bullfrog skeletons
  2 bullfrog zombies
  18 jellies
  6 hounds
  12 orc priests
  Jessica (D:2)
  2 centaur skeletons
  16 iguanas
  9 orc wizards
  11 worker ants
  A killer bee zombie (D:8)
  A hound zombie (D:8)
  2 hound skeletons
  A howler monkey zombie (D:5)
  2 worker ant zombies
  13 adders
  7 gnolls
  5 shadow imps
  13 oozes
  2 adder zombies (D:3)
  6 adder skeletons
  2 worms
  8 dart slugs
  4 leopard geckos
  33 orcs
  8 bats
  5 giant cockroaches
  9 goblins
  7 hobgoblins
  14 jackals
  21 kobolds
  7 quokkas
  4 ball pythons
  3 frilled lizards
  A giant cockroach zombie (D:6)
  A leopard gecko skeleton (D:5)
  A quokka zombie (D:3)
  5 rats
  3 plants (Lair:6)
651 creatures vanquished.

Vanquished Creatures (others)
  7 fungi
  4 plants (Lair:6)
  8 toadstools (D:2)
19 creatures vanquished.

Grand Total: 670 creatures vanquished

Notes
Turn   | Place    | Note
-------+----------+-------------------------------------------
     0 | D:1      | Borgoz the Gargoyle Gladiator began the quest for the Orb.
     0 | D:1      | Reached XP level 1. HP: 12/12 MP: 1/1
   248 | D:1      | Reached XP level 2. HP: 18/18 MP: 2/2
   288 | D:1      | Reached skill level 3 in Short Blades
   585 | D:1      | You fall through a shaft!
   618 | D:2      | Reached XP level 3. HP: 22/22 MP: 3/3
   638 | D:2      | Reached skill level 1 in Armour
   970 | D:2      | Reached XP level 4. HP: 27/27 MP: 4/4
  1098 | D:2      | Reached XP level 5. HP: 32/32 MP: 5/5
  1101 | D:2      | Reached skill level 4 in Short Blades
  1101 | D:2      | Reached skill level 1 in Evocations
  1276 | D:2      | Noticed Jessica
  1285 | D:2      | Killed Jessica
  1299 | D:2      | Reached skill level 1 in Stealth
  1558 | D:3      | Found an opulent altar of Gozag.
  1563 | D:3      | Found a glowing golden altar of the Shining One.
  1626 | D:3      | Reached XP level 6. HP: 37/37 MP: 6/6
  1631 | D:3      | Found a snail-covered altar of Cheibriados.
  2689 | D:4      | Reached skill level 5 in Short Blades
  2689 | D:4      | Reached XP level 7. HP: 29/41 MP: 8/8
  2808 | D:4      | Found a sacrificial altar of Ru.
  3499 | D:5      | Entered Level 5 of the Dungeon
  3505 | D:5      | Reached skill level 6 in Short Blades
  3505 | D:5      | Reached XP level 8. HP: 47/48 MP: 10/10
  3794 | D:5      | Found a hide-covered altar of Uskayaw.
  3894 | D:5      | Found an ornate altar of the Wu Jian Council.
  4108 | D:5      | Found a burning altar of Makhleb.
  4545 | D:7      | Reached skill level 7 in Short Blades
  4605 | D:6      | Reached XP level 9. HP: 38/52 MP: 12/12
  4909 | D:6      | Gained mutation: You have a pair of small antennae on your
                  | head. [potion of mutation]
  4909 | D:6      | Gained mutation: You are agile. (Dex +2) [potion of
                  | mutation]
  4909 | D:6      | Gained mutation: You have very sharp teeth. [potion of
                  | mutation]
  4909 | D:6      | Gained mutation: Your muscles are strong. (Str +2) [potion
                  | of mutation]
  5387 | D:7      | Found a transporter.
  5390 | D:7      | Noticed a kobold demonologist
  5390 | D:7      | Noticed a kobold demonologist
  5440 | D:7      | Found a transporter.
  5476 | D:7      | Reached skill level 5 in Fighting
  5533 | D:7      | Found a staircase to the Ecumenical Temple.
  5546 | Temple   | Entered the Ecumenical Temple
  5741 | Temple   | Became a worshipper of Ashenzari the Shackled
  5938 | D:7      | Reached skill level 8 in Short Blades
  5938 | D:7      | Reached skill level 5 in Stealth
  6189 | D:8      | Reached skill level 5 in Evocations
  6208 | D:8      | Found a sparkling altar of Nemelex Xobeh.
  6213 | D:8      | Found a shimmering altar of Xom.
  6416 | D:8      | Reached skill level 5 in Dodging
  6463 | D:8      | Noticed Psyche
  6467 | D:8      | Reached XP level 10. HP: 59/59 MP: 13/13
  6477 | D:8      | Killed Psyche
  6626 | D:8      | Found a radiant altar of Vehumet.
  6627 | D:8      | Found an ancient bone altar of Kikubaaqudgha.
  6652 | D:8      | Learned a level 3 spell: Regeneration
  6808 | D:8      | Found a staircase to the Lair.
  7051 | D:9      | Reached skill level 9 in Short Blades
  7158 | D:9      | Reached * piety under Ashenzari
  8203 | D:10     | Entered Level 10 of the Dungeon
  8239 | D:10     | Reached ** piety under Ashenzari
  8448 | D:10     | Noticed a gargoyle
  8450 | D:10     | Noticed a two-headed ogre
  8468 | D:10     | Killed a gargoyle
  8483 | D:10     | Killed a two-headed ogre
  8483 | D:10     | Reached XP level 11. HP: 26/66 MP: 8/15
  8661 | D:10     | Reached skill level 10 in Short Blades
  8715 | D:10     | Identified the +8 hunting sling "Zecwypukk" {freeze, rElec
                  | rF- MP+9 Dex+3}
  8975 | D:10     | Noticed Josephine
  9008 | D:10     | Killed Josephine
  9167 | D:11     | Noticed a four-headed hydra
  9181 | D:11     | Killed a four-headed hydra
  9275 | D:11     | Noticed a two-headed ogre
  9304 | D:11     | Killed a two-headed ogre
  9320 | D:11     | Noticed a four-headed hydra
  9337 | D:11     | Killed a four-headed hydra
  9364 | D:11     | Reached skill level 11 in Short Blades
  9400 | D:11     | Noticed Gastronok
  9418 | D:11     | Killed Gastronok
  9418 | D:11     | Reached XP level 12. HP: 74/74 MP: 14/17
  9438 | D:11     | Found a gate leading to a gauntlet.
  9478 | Gauntlet | Entered a Gauntlet
  9478 | Gauntlet | Found a transporter.
  9478 | Gauntlet | Found a transporter.
  9478 | Gauntlet | Found a large runed translucent door.
  9478 | Gauntlet | Found a large runed translucent door.
  9478 | Gauntlet | Found a large runed translucent door.
  9478 | Gauntlet | Found a large runed translucent door.
  9478 | Gauntlet | Found a large runed translucent door.
  9478 | Gauntlet | Found a large runed translucent door.
  9478 | Gauntlet | Found a runed translucent door.
  9478 | Gauntlet | Found a runed translucent door.
  9478 | Gauntlet | Found a large runed translucent door.
  9478 | Gauntlet | Found a large runed translucent door.
  9478 | Gauntlet | Found a large runed translucent door.
  9478 | Gauntlet | Found a large runed translucent door.
  9478 | Gauntlet | Found a large runed translucent door.
  9478 | Gauntlet | Found a large runed translucent door.
  9482 | Gauntlet | Found a transporter.
  9482 | Gauntlet | Found a transporter.
  9491 | Gauntlet | Found a transporter.
  9492 | Gauntlet | Noticed a death ooze
  9511 | Gauntlet | Identified the ring of Uries {rPois EV+5 Int-5 Stlth+}
  9512 | Gauntlet | Found a transporter.
  9519 | Gauntlet | Found a transporter.
  9521 | Gauntlet | Found a transporter.
  9521 | Gauntlet | Found a transporter.
  9522 | Gauntlet | Identified the +0 pair of boots "Ublu" {rCorr}
  9525 | Gauntlet | Found a transporter.
  9557 | Gauntlet | Found a transporter.
  9572 | Gauntlet | Found a large runed translucent door.
  9573 | Gauntlet | Found a large runed translucent door.
  9575 | Gauntlet | Found a runed translucent gate.
  9576 | Gauntlet | Found a runed translucent gate.
  9577 | Gauntlet | Found a runed translucent gate.
  9577 | Gauntlet | Found a transporter.
  9593 | Gauntlet | Found a large runed translucent door.
  9594 | Gauntlet | Found a large runed translucent door.
  9620 | Gauntlet | Found a transporter.
  9633 | Gauntlet | Noticed a death yak
  9633 | Gauntlet | Noticed a death yak
  9634 | Gauntlet | Noticed a death yak
  9634 | Gauntlet | Noticed a death yak
  9636 | Gauntlet | Found a transporter.
  9735 | Gauntlet | Found a transporter.
  9751 | Gauntlet | Found a transporter.
 10116 | Gauntlet | Reached skill level 5 in Armour
 10354 | Gauntlet | Got the uncursed hat of Sunlight {rF+ Str+6}
 10362 | Gauntlet | Identified the +1 hat of Sunlight {rF+ Str+6} (You found it
                  | in a Gauntlet)
 10377 | Gauntlet | Noticed a minotaur
 10389 | Gauntlet | Killed a minotaur
 10605 | Lair:1   | Entered Level 1 of the Lair of Beasts
 10770 | Lair:1   | Reached skill level 12 in Short Blades
 11770 | Lair:2   | Reached *** piety under Ashenzari
 11795 | Lair:2   | Noticed an eight-headed hydra
 11825 | Lair:2   | Killed an eight-headed hydra
 11825 | Lair:2   | Reached XP level 13. HP: 61/81 MP: 13/19
 12616 | D:11     | Found a staircase to the Orcish Mines.
 12821 | D:12     | Reached skill level 10 in Fighting
 12978 | D:11     | Reached skill level 13 in Short Blades
 13170 | D:11     | Found the +6 arbalest "Damnation" {damnation}
 13179 | D:11     | Noticed a yaktaur captain
 13204 | D:11     | Killed a yaktaur captain
 13212 | D:11     | Identified the amulet of Rara {RegenMP rN++ Str-4 Dex+9
                  | Slay-6}
 13214 | D:11     | Got the uncursed leather armour of the Maze {rPois rF+
                  | Dex-3 SInv}
 14135 | Lair:2   | Found a staircase to the Swamp.
 14256 | Lair:2   | Reached **** piety under Ashenzari
 14577 | Lair:3   | Gained mutation: Your large and strong wings let you fly
                  | indefinitely. [Gargoyle growth]
 14577 | Lair:3   | Reached XP level 14. HP: 59/88 MP: 12/20
 14884 | Lair:3   | Found a staircase to the Snake Pit.
 15960 | Lair:4   | Found a frozen archway.
 15986 | IceCv    | Entered an ice cave
 16060 | IceCv    | Reached skill level 14 in Short Blades
 16553 | Lair:4   | Found a runed translucent door.
 16557 | Lair:4   | Noticed Pamm's ghost (journeyman NaWz)
 16600 | Lair:4   | Reached ***** piety under Ashenzari
 17345 | Lair:4   | Paralysed by fainting for 5 turns
 18324 | Lair:5   | Found a shattered altar of Ashenzari.
 18504 | Lair:6   | Entered Level 6 of the Lair of Beasts
 18790 | Lair:6   | Reached XP level 15. HP: 46/96 MP: 10/21
 19045 | Lair:6   | Found a runed translucent gate.
 19046 | Lair:6   | Found a runed translucent gate.
 19047 | Lair:6   | Found a runed translucent gate.
 19373 | Lair:6   | Identified the +5 quarterstaff of Gallantry {freeze, Str+5}
 19524 | Lair:6   | Noticed tilp's ghost (journeyman GnSk)
 19526 | Lair:6   | Found a viscous altar of Jiyva.
 19618 | Lair:6   | Found a staircase to the Slime Pits.
 19840 | Lair:6   | Killed tilp's ghost
 20033 | Lair:6   | Found a runed translucent door.
 20169 | Lair:6   | Reached skill level 10 in Dodging
 20355 | Lair:6   | Reached skill level 15 in Short Blades
 20715 | Orc:1    | Entered Level 1 of the Orcish Mines
 20715 | Orc:1    | Noticed an orc warlord
 20718 | Orc:1    | Noticed Jorgrun
 20734 | Orc:1    | Killed an orc warlord
 20737 | Orc:1    | HP: 1/147 [Jorgrun/+0 quarterstaff of crushing (8)]
 20737 | Orc:1    | Slain by Jorgrun

Levels and vault maps discovered:
D:1:      minmay_arrival_up_and_down, layout_basic, chequers_mini_garden
D:2:      cheibrodos_fertilizer, layout_rooms, minmay_misc_feat_more_columns,
          minmay_hedge_maze, uniq_jessica
D:3:      layout_loops_ring, overflow_temple_1_default, old_standard_altar,
          nicolae_gozag_seed_capital, serial_undead, serial_undead_f,
          serial_undead_a, serial_undead_a, serial_undead_d,
          grunt_decor_mini_mirrors
D:4:      layout_loops_ring, nicolae_ru_great_annihilating_truth,
          grunt_ministairs_1
D:5:      layout_loops_ring, lemuel_coloured_pillars_altar, lemuel_doored_altar,
          eat_drink_and_be_merry_uskayaw, first_ration
D:6:      kennysheep_slugbush, layout_rooms, minmay_diced_spiral
D:7:      gammafunk_wand_slinger, layout_gridville, minmay_temple_entry_arrows
D:8:      lemuel_ice_spiral_2, layout_rooms, lemuel_crystal_altar,
          nemelex_xobeh_ov_fountains_minmay, gammafunk_temple_overflow_statue,
          erik_lair_dragon, uniq_psyche
D:9:      layout_grid_maze, hangedman_fish_farm
D:10:     layout_basic, uniq_josephine
D:11:     layout_basic, kennysheep_orc_monster_closet_entryway,
          gauntlet_entry_generic, serial_glass, glass_columns_b,
          glass_columns_a, minmay_the_grid_2x2 [minmay_the_grid_embedded,
          minmay_the_grid_zigzags, minmay_the_grid_doors,
          minmay_the_grid_prize_diamond_cup], uniq_gastronok
D:12:     layout_cave_pools, special_room [special_room_orc]
Temple:   minmay_temple_curvy_loop
Lair:1:   beast_lair_carwin_large_1, layout_small_grid, special_room
          [special_room_bee]
Lair:2:   layout_regular_city, nicolae_swamp_entry_splash_gauntlet, st_stairs_9,
          grunt_megastairs_4
Lair:3:   layout_regular_city, guppyfry_snake_entry_island, serial_rivers,
          chequers_serial_rivers_large_a, chequers_serial_rivers_room_b,
          chequers_serial_rivers_room_b, chequers_serial_rivers_micro_b,
          chequers_serial_rivers_room_a, lemuel_fruit_fields, grunt_megastairs_5
Lair:4:   layout_hall_layers, portal_ice_cave_rime,
          ebering_ghost_reflecting_pool, serial_bayou_pond_b, lemuel_fruit_tree,
          serial_bayou_shore_b
Lair:5:   layout_misc_corridors, basic_altar
Lair:6:   guppyfry_lair_end_dragon, layout_concentric_octagons, wormcave,
          minmay_slime_entry_jelly_boxes, gammafunk_ghost_ooze
Orc:1:    layout_diamond_mine, uniq_jorgrun
IceCv:    ice_cave_small_dragons
Gauntlet: gammafunk_gauntlet_branching [nicolae_gauntlet_arena_flowing_pool,
          minmay_gauntlet_arena_make_your_own_arena, nicolae_gauntlet_arena_x,
          gammafunk_gauntlet_arena_crates, nicolae_gauntlet_arena_blocks,
          gammafunk_gauntlet_arena_teeth, gammafunk_gauntlet_arena_corners,
          nicolae_gauntlet_swirl, gauntlet_exit_watery]

Skill      XL: |  1  2  3  4  5  6  7  8  9 10 11 12 13 14 15 |
---------------+----------------------------------------------+-----
Short Blades   | 3 4 5 6 7 8 9 11 12 13 14 15 | 15.0
Armour         | 1 2 3 4 5 6 7 |  7.5
Evocations     | 1 2 4 5 6 7 8 9 |  9.3
Fighting       | 3 4 5 6 8 9 10 12 13 | 13.1
Stealth        | 1 2 4 5 6 8 9 |  9.3
Dodging        | 3 5 6 7 8 9 10 | 10.2
Throwing       | |  1.7

Action                   |  1- 3 |  4- 6 |  7- 9 | 10-12 | 13-15 || total
-------------------------+-------+-------+-------+-------+-------++-------
Melee: Rapier            |   122 |   232 |   463 |   913 |  1467 ||  3197
       Bite              |       |       |    19 |   166 |   338 ||   523
Throw: Throwing net      |       |     1 |     2 |     5 |     4 ||    12
Invok: Curse Item        |       |       |     3 |       |       ||     3
 Abil: Evoke Berserk Rag |       |     1 |     1 |     6 |     6 ||    14
       Fly               |       |       |       |       |     1 ||     1
Evoke: Wand              |       |       |       |       |    13 ||    13
  Use: Scroll            |       |     6 |     2 |    13 |    11 ||    32
       Potion            |       |       |     2 |     1 |    11 ||    14
 Stab: Sleeping          |     1 |     7 |    19 |    10 |    25 ||    62
       Held in net/web   |       |     1 |       |     2 |     1 ||     4
       Paralysed         |       |       |     1 |       |       ||     1
       Distracted        |       |       |     1 |       |     4 ||     5
       Invisible         |       |       |       |       |     8 ||     8
  Eat: Chunk             |       |     7 |    15 |    15 |    29 ||    66
       Ration            |       |       |       |     4 |     2 ||     6
Armor: Leather armour    |    62 |   123 |   221 |    98 |       ||   504
       Troll leather arm |       |       |       |   201 |   119 ||   320
       Acid dragon scale |       |       |       |       |   435 ||   435
       Fire dragon scale |       |       |       |       |     8 ||     8
Dodge: Dodged            |   104 |   181 |   365 |   538 |   978 ||  2166

Table legend:
 A = Non-vault XP
 B = Vault XP
 C = Vault XP percentage of total XP
 D = Non-vault monster count
 E = Vault monster count
 F = Vault count percentage of total count
                 A         B        C        D         E       F
            +---------+---------+-------+---------+---------+-------
      Total |   66588 |   48622 |  42.2 |     414 |     234 |  36.1
            +---------+---------+-------+---------+---------+-------
        D:1 |      41 |       0 |   0.0 |      24 |       0 |   0.0
        D:2 |      78 |     186 |  70.5 |      18 |      18 |  50.0
        D:3 |     153 |      33 |  17.7 |      29 |       7 |  19.4
        D:4 |     555 |      93 |  14.4 |      12 |       7 |  36.8
        D:5 |     635 |       0 |   0.0 |      19 |       0 |   0.0
        D:6 |     982 |     512 |  34.3 |      21 |      12 |  36.4
        D:7 |     736 |     906 |  55.2 |      22 |       9 |  29.0
        D:8 |    1142 |    1219 |  51.6 |      25 |       7 |  21.9
        D:9 |    1489 |     289 |  16.3 |      15 |       1 |   6.2
       D:10 |    3767 |    1989 |  34.6 |      30 |       5 |  14.3
       D:11 |    6921 |    9041 |  56.6 |      35 |      37 |  51.4
       D:12 |    4323 |       0 |   0.0 |      14 |       0 |   0.0
     Lair:1 |    2894 |    2735 |  48.6 |      18 |      26 |  59.1
     Lair:2 |    5254 |    1522 |  22.5 |      17 |      10 |  37.0
     Lair:3 |    1428 |    1842 |  56.3 |       7 |       5 |  41.7
     Lair:4 |    4203 |    2137 |  33.7 |      19 |       6 |  24.0
     Lair:5 |    8188 |       0 |   0.0 |      30 |       0 |   0.0
     Lair:6 |   21620 |   14677 |  40.4 |      52 |      50 |  49.0
      Orc:1 |    2179 |       0 |   0.0 |       7 |       0 |   0.0
      IceCv |       0 |    5435 | 100.0 |       0 |      20 | 100.0
   Gauntlet |       0 |    6006 | 100.0 |       0 |      14 | 100.0
            +---------+---------+-------+---------+---------+-------
